 Dungeon Crawl Stone Soup version 0.30.0-19-g36f170ea60 (webtiles) character file.

Game seed: 15550179193818599485

229 cheesebisquit the Sneak (level 6, 51/51 HPs)
             Began as a Ghoul Monk on May 26, 2023.
             Quit the game on level 3 of the Dungeon.
             The game lasted 00:09:05 (2354 turns).

cheesebisquit the Sneak (Ghoul Monk)                Turns: 2354, Time: 00:09:05

Health: 51/51      AC: 12    Str: 15    XL:     6   Next: 3%
Magic:  5/5        EV:  7    Int:  7    God:
Gold:   135        SH:  0    Dex: 11    Spells: 5/5 levels left

rFire   + . .        m - +8 dagger of the Magi {heavy, rF+ rN+}
rCold   + . .        c - orb {light}
rNeg    + + +        v - +0 chain mail
rPois   ∞            (no helmet)
rElec   .            l - +0 cloak
rCorr   .            (no gloves)
SInv    .            o - +2 pair of boots
Will    +....        (no amulet)
Stlth   +            x - ring of willpower
HPRegen 0.28/turn    (no ring)
MPRegen 0.09/turn

%: no passive effects
@: glowing
A: claws 1, cold resistance 1, negative energy resistance 3, inhibited
regeneration, torment resistance 2, devour on kill
a: no special abilities


You were on level 3 of the Dungeon.
You visited 1 branch of the dungeon, and saw 3 of its levels.
You also visited: Sewer.

You collected 135 gold pieces.

Inventory:

Hand Weapons
 m - the +8 dagger of the Magi (weapon) {heavy, rF+ rN+}
   (You found it on level 2 of the Dungeon)

   rF:        It protects you from fire.
   rN:        It protects you from negative energy.
Missiles
 t - 4 silver javelins (quivered)
Armour
 a - a +0 robe
 c - an orb of light (worn)
 l - a +0 cloak (worn)
 o - a +2 pair of boots (worn)
 v - a +0 chain mail (worn)
Jewellery
 k - an amulet of faith
 x - a ring of willpower (left claw)
Scrolls
 e - 4 scrolls of identify {unknown}
 f - 2 scrolls of silence {unknown}
 g - a scroll of fog {unknown}
 h - a scroll of magic mapping {unknown}
 p - 4 scrolls of teleportation
 q - a scroll of poison {unknown}
 u - a scroll of blinking {unknown}
 w - a scroll of amnesia {unknown}
Potions
 b - a potion of ambrosia
 d - 2 potions of berserk rage {unknown}
 i - 6 potions of curing {unknown}
 j - 2 potions of cancellation {unknown}
 n - 3 potions of brilliance {unknown}
 r - 4 potions of flight
 s - a potion of lignification {unknown}


   Skills:
 - Level 3.2 Fighting
 - Level 2.6 Dodging
 + Level 6.8 Stealth
 - Level 3.2 Unarmed Combat


You had 5 spell levels left.
You didn't know any spells.
Your spell library contained the following spells:

 Spells                   Type           Power      Damage    Failure   Level
 Apportation              Tloc           0%         N/A       100%        1
 Freeze                   Ice            0%         1d3       100%        1
 Necrotise                Necr           0%         1d4       100%        1
 Summon Small Mammal      Summ           0%         N/A       100%        1
 Frozen Ramparts          Ice            0%         1d1       100%        3
 Hailstorm                Conj/Ice       0%         3d3       100%        3


Dungeon Overview and Level Annotations

Branches:
Dungeon (3/15)              Sewer (visited)

Altars:
Dithmenos
Yredelemnul


Innate Abilities, Weirdness & Mutations

You are immune to poison.
You have sharp fingernails.
Your flesh is cold resistant. (rC+)
You are immune to negative energy. (rN+++)
You do not regenerate when monsters are visible.
You are immune to unholy pain and torment.
You thrive by killing the living.


Message History

The hobgoblin hits you.
You puncture the hobgoblin!
You kill the hobgoblin!
You feel better.
You see here a hobgoblin corpse.
A hobgoblin comes into view.
The hobgoblin shouts!
The hobgoblin moves out of view.
The hobgoblin hits you but does no damage.
You puncture the hobgoblin!
You kill the hobgoblin!
No target in view!
No target in view!
No target in view!
No target in view!
No target in view!
i - 5 brown potions (gained 1)
An orc comes into view. It is wielding a +0 falchion.
The orc shouts!
An orc is nearby!
The orc hits you but does no damage.
You hit the orc.
The orc is almost dead.
The orc hits you but does no damage.
You puncture the orc!
You kill the orc!
No target in view!
No target in view!
No target in view!
No target in view!
No target in view!
Things that are here:
a +0 falchion; an orc corpse
There is a stone staircase leading up here.
You see here a hobgoblin corpse.
i - 6 brown potions (gained 1)
p - 4 scrolls of teleportation (gained 1)
You now have 135 gold pieces (gained 4).
Found 2 atropa-tipped darts.
Are you sure you want to abandon this character and quit the game? (Confirm with "yes".)

#.# .# #.#
(# #.# .#
#.# .# #.#
#.# .# #.#
..# .# #.#
### ###.#
#.# #.@.#
#.# #.###
#.# #.#
#.#
########.#
#.#
#........#
#.#
#.########
#.# #.#
###.# #.#
#...# #.#
#.###


There were no monsters in sight!

Vanquished Creatures
  Jessica (D:2)
  A sickly merfolk siren (Sewer)
  A malarious merfolk avatar (Sewer)
  4 adders
  2 river rats
  A worm (D:3)
  An orc (D:3)
  11 ball pythons
  7 endoplasms
  7 giant cockroaches
  4 goblins
  5 hobgoblins
  4 jackals (D:1)
  8 kobolds
  2 quokkas
  8 bats
  10 frilled lizards
  30 rats
107 creatures vanquished.

Notes
Turn   | Place    | Note
-------+----------+-------------------------------------------
     0 | D:1      | cheesebisquit the Ghoul Monk began the quest for the Orb.
     0 | D:1      | Reached XP level 1. HP: 19/19 MP: 0/0
    19 | D:1      | Reached skill level 1 in Stealth
    91 | D:1      | Reached XP level 2. HP: 26/26 MP: 1/1
   102 | D:1      | Reached skill level 2 in Stealth
   259 | D:1      | Reached skill level 3 in Stealth
   297 | D:1      | Reached XP level 3. HP: 30/31 MP: 2/2
   579 | D:2      | Noticed Jessica
   585 | D:2      | Killed Jessica
   586 | D:2      | Reached skill level 4 in Stealth
   586 | D:2      | Reached XP level 4. HP: 36/38 MP: 3/3
   661 | D:2      | Identified the +8 dagger of the Magi {heavy, rF+ rN+}
   820 | D:2      | Found a faded altar of an unknown god.
   981 | D:2      | Reached skill level 5 in Stealth
  1295 | D:3      | Found a basalt altar of Yredelemnul.
  1312 | D:3      | Found a glowing drain.
  1321 | D:3      | Reached XP level 5. HP: 38/45 MP: 4/4
  1332 | Sewer    | Entered a sewer
  1455 | Sewer    | Reached skill level 6 in Stealth
  1842 | D:3      | Reached XP level 6. HP: 51/51 MP: 5/5
  1877 | D:3      | Found a shadowy altar of Dithmenos.
  2354 | D:3      | Quit the game

Illustrated notes

Levels and vault maps discovered:
D:1:      minmay_arrival_checkered_box, layout_rooms
D:2:      layout_basic, chequers_ecumenical_altar_island, serial_bayou_pond_d,
          uniq_jessica
D:3:      layout_loops_ring, yredelemnul_altar_generic,
          nicolae_dithmenos_through_a_glass_darkly, portal_sewer_entry_b,
          palyth_stone_intersect

Skill      XL: |  1  2  3  4  5 |
---------------+----------------+-----
Stealth        | 1 3 4 5 6 |  6.8
Fighting       | |  3.2
Dodging        | |  2.6
Unarmed Combat | |  3.2

Action                     |  1- 3 |  4- 6 || total
---------------------------+-------+-------++-------
  Melee: Unarmed           |    68 |     9 ||    77
         Dagger            |       |   122 ||   122
 Armour: Robe              |    16 |    67 ||    83
         Chain mail        |       |     3 ||     3
  Dodge: Dodged            |    36 |    81 ||   117
